 Dungeon Crawl Stone Soup version 0.17-a0-1504-gb7d9117 (webtiles) character file.

105 urechis the Skirmisher (level 4, -4/52 HPs)
             Began as an Ogre Hunter on July 8, 2015.
             Slain by an orc
             ... wielding a +0 short sword
              (6 damage)
             ... on level 3 of the Dungeon.
             The game lasted 00:05:21 (2060 turns).

urechis the Skirmisher (Ogre Hunter)                Turns: 2060, Time: 00:05:21

Health: -4/52      AC:  3    Str: 18    XL:     4   Next: 83%
Magic:  4/4        EV: 10    Int: 10    God:
Gold:   80         SH:  0    Dex: 10    Spells: 0 memorised, 3 levels left

rFire  . . .     SeeInvis .     a - +0 mace
rCold  + . .     Clarity  .     d - +0 robe
rNeg   . . .     SustAt   .     (no shield)
rPois  .         Gourm    .     (helmet restricted)
rElec  .         Spirit   .     (no cloak)
rCorr  .         Warding  .     (gloves unavailable)
rMut   .         Stasis   .     (boots unavailable)
MR     +....                    (no amulet)
Stlth  +.........               f - ring of protection from cold
                                u - ring of protection from magic

@: somewhat resistant to hostile enchantments, very unstealthy
A: unfitting armour, tough skin 1
a: no special abilities


You were on level 3 of the Dungeon.
You were hungry.

You visited 1 branch of the dungeon, and saw 3 of its levels.

You collected 80 gold pieces.

Inventory:

Hand weapons
 a - a +0 mace (weapon)
 c - a +0 short sword
 q - a +0 club
Missiles
 b - 5 large rocks (quivered)
 v - 8 needles of sleeping
 y - a throwing net
Armour
 d - a +0 robe (worn)
Jewellery
 f - a ring of protection from cold (right hand)
 u - a ring of protection from magic (left hand)
Scrolls
 g - a scroll of noise {unknown}
 l - 2 scrolls of remove curse {unknown}
 n - a scroll of magic mapping {unknown}
 o - 3 scrolls of identify {unknown}
 p - 3 scrolls of recharging {unknown}
 r - a scroll of teleportation {unknown}
 t - a scroll of immolation {unknown}
Potions
 h - a potion of lignification {unknown}
 i - 2 potions of curing {unknown}
 j - a potion of agility {unknown}
 m - 2 potions of might {unknown}
 s - a potion of poison {unknown}
 w - a potion of flight {unknown}
Comestibles
 e - 4 bread rations
 k - 2 slices of pizza
 x - a meat ration
 z - a chunk of flesh


   Skills:
 + Level 6.0 Fighting
 + Level 2.0 Maces & Flails
 - Level 4.3 Throwing
 - Level 1.7 Dodging
 - Level 0.7 Stealth


You had 3 spell levels left.
You didn't know any spells.

Dungeon Overview and Level Annotations

Branches:
Dungeon (3/15)

Altars:
Fedhas


Innate Abilities, Weirdness & Mutations

You are too large for most types of armour.
You have tough skin (AC +1).


Message History

An orc wizard comes into view. It is wielding a dagger.
You are too injured to fight recklessly!
The orc wizard shouts!
You hit the orc.
The orc is moderately wounded.
The orc wizard miscasts a cantrip.
The orc hits you with a short sword.
* * * LOW HITPOINT WARNING * * *
You barely miss the orc.
The orc is moderately wounded.
The orc closely misses you.
An orc comes into view.
You hit the orc.
The orc is almost dead.
The orc hits you with a short sword.
* * * LOW HITPOINT WARNING * * *
You closely miss the orc.
The orc is almost dead.
The orc closely misses you. The orc hits you with a short sword.
You die...

#.#).................
#.)..................
##.........##########
#..####.### #...
##.## #.# #... #..#
#.# #... ##.# #.#
#... #.# #.# #... #@#
#.# ##.. #o# #.# ##..
#.###.#... ......
#o........ ......
#o.##.#... ......
#...# ...... #.#.#
..(... #.#.. ......
...... .....


You could see an orc wizard and 2 orcs.

Vanquished Creatures
  6 adders
  An ooze (D:3)
  A giant gecko (D:2)
  6 orcs (D:3)
  5 bats
  3 giant cockroaches
  4 goblins
  6 hobgoblins
  A giant newt (D:1)
  3 jackals (D:2)
  2 kobolds
  2 quokkas
  5 rats
45 creatures vanquished.

Notes
Turn   | Place    | Note
--------------------------------------------------------------
     0 | D:1      | urechis the Ogre Hunter began the quest for the Orb.
     0 | D:1      | Reached XP level 1. HP: 22/22 MP: 1/1
   105 | D:1      | You fall through a shaft!
   117 | D:2      | Reached XP level 2. HP: 14/32 MP: 2/2
   521 | D:2      | Reached XP level 3. HP: 27/40 MP: 3/3
   547 | D:2      | Reached skill level 5 in Fighting
  1450 | D:2      | Reached XP level 4. HP: 50/50 MP: 4/4
  1473 | D:2      | Reached skill level 1 in Maces & Flails
  1483 | D:2      | Found a blossoming altar of Fedhas.
  2028 | D:3      | Reached skill level 6 in Fighting
  2059 | D:3      | HP: 2/52 [orc/short sword (2)]
  2060 | D:3      | Slain by an orc

Vault maps used:
D:1:      erik_arrival_blinker_ship, serial_bayou_pond_b
D:2:      fedhas_altar_1, first_bread
D:3:      yredelemnul_altar_generic, minivault_19

Action                   |  1- 3 |  4- 6 || total
-------------------------+-------+-------++-------
Melee: Short sword       |    58 |    67 ||   125
       Mace              |       |    14 ||    14
Throw: Large rock        |    13 |    12 ||    25
       Throwing net      |       |     2 ||     2
  Eat: Chunk             |       |     3 ||     3
